 Dungeon Crawl Stone Soup version 0.29.1-14-g9c671dbff4 (webtiles) character file.

Game seed: 820813594248338973

2932 Heoruswealwe the Thaumaturge (level 9, -4/45 HPs)
             Began as a Deep Elf Summoner on Feb 16, 2023.
             Was a Believer of Sif Muna.
             Shot with an arrow by a centaur (6 damage)
             ... on level 7 of the Dungeon.
             The game lasted 02:17:02 (8834 turns).

Heoruswealwe the Thaumaturge (Deep Elf Summoner)    Turns: 8834, Time: 02:17:02

Health: -4/45      AC:  6    Str:  5    XL:     9   Next: 50%
Magic:  36/36      EV: 12    Int: 25    God:    Sif Muna [**....]
Gold:   379        SH:  0    Dex: 15    Spells: 19/32 levels left

rFire   . . .      SeeInvis .   e - +1 long sword
rCold   . . .      Faith    .   (no shield)
rNeg    . . .      Spirit   .   C - +0 robe
rPois   .          Reflect  .   (no helmet)
rElec   .          Harm     .   (no cloak)
rCorr   .          Rampage  .   (no gloves)
Will    .....                   (no boots)
Stlth   ++........              (no amulet)
HPRegen 0.15/turn               t - ring of magical power
MPRegen 0.25/turn               q - +4 ring of protection

@: no status effects
A: no striking features
a: Renounce Religion, Channel Magic


You were on level 7 of the Dungeon.
You worshipped Sif Muna.
Sif Muna was pleased with you.
You visited 2 branches of the dungeon, and saw 8 of its levels.
You also visited: Ossuary.

You collected 652 gold pieces.
You spent 273 gold pieces at shops.

Inventory:

Hand Weapons
 a - a +0 shortbow
 e - a +1 long sword (weapon)
 h - a +0 club
 j - a +0 trident
 l - a +0 rapier
 r - a +0 shortbow
 u - a +0 battleaxe
 v - a +0 mace
 y - a +5 falchion of freezing
 A - a +3 long sword
 B - a +0 sling
 I - a +0 spear
 K - a +0 dagger
 M - a +0 short sword
Missiles
 s - 5 stones
Armour
 C - a +0 robe (worn)
 E - a +0 robe
 H - a +0 robe
 J - a +0 robe
 L - a +2 robe of cold resistance
 N - a +0 chain mail
Jewellery
 m - a ring of positive energy
 q - a +4 ring of protection (right hand)
 t - a ring of magical power (left hand)
Wands
 i - a wand of flame (1)
Scrolls
 g - a scroll of enchant weapon
 w - a scroll of identify
 x - 6 scrolls of magic mapping
 O - a scroll of brand weapon {unknown}
Potions
 b - a potion of magic
 c - a potion of lignification
 d - a potion of haste
 f - a potion of flight
 k - a potion of attraction
 n - 3 potions of brilliance
 o - 6 potions of might
 p - a potion of invisibility
 z - a potion of degeneration
 D - a potion of cancellation
 F - 4 potions of ambrosia
 G - 4 potions of curing


   Skills:
 - Level 2.4 Dodging
 - Level 2.4 Stealth
 + Level 12.4 Spellcasting
 + Level 11.1 Summonings


You had 19 spell levels left.
You knew the following spells:

 Your Spells              Type           Power      Damage    Failure   Level
a - Summon Small Mammal   Summ           100%       N/A       1%          1
b - Call Canine Familiar  Summ           64%        N/A       1%          3
c - Call Imp              Summ           64%        N/A       1%          2
d - Summon Lightning Spi  Summ/Air       43%        N/A       3%          4
e - Summon Guardian Gole  Hex/Summ       43%        N/A       1%          3

Your spell library contained the following spells:

 Spells                   Type           Power      Damage    Failure   Level
 Sting                    Tmut/Pois      60%        1d6       3%          1
 Poisonous Vapours        Pois/Air       30%        N/A       6%          2
 Olgreb's Toxic Radiance  Pois           15%        N/A       36%         4


Dungeon Overview and Level Annotations

Branches:
Dungeon (7/15)             Temple (1/1) D:6         Ossuary (visited)

Altars:
Cheibriados
Dithmenos
Fedhas
Gozag
Hepliaklqana
Kikubaaqudgha
Makhleb
Nemelex Xobeh
Ru
Sif Muna
Trog
Uskayaw
Vehumet
Wu Jian
Xom
Yredelemnul
Zin

Shops:
D:1 *


Message History

Your warg barely misses Dowan.
Dowan closely misses your warg. Dowan completely misses your warg.
Your warg bites Dowan!!
Dowan dies!
Sif Muna accepts your kill.
You swap places.
You swap places.
Things that are here:
a +0 dagger; a +2 robe of cold resistance
K - a +0 dagger;
L - a +2 robe of cold resistance
Found a stone staircase leading down.
Things that are here:
a +0 short sword; a +0 chain mail; the elf corpse of Duvessa
M - a +0 short sword;
N - a +0 chain mail A centaur comes into view.
Your guardian golem disappears in a puff of smoke!
You swap places.
Found a scroll labelled VEXKIT WUSINKE.
The centaur shouts!
You hear a shout!
The centaur wields a +0 shortbow.
The centaur shoots an arrow.
The arrow closely misses you.
A centaur comes into view. x2
The centaur shoots an arrow.
The arrow hits you!
The centaur moves out of view.
You see here a scroll labelled VEXKIT WUSINKE.
A centaur comes into view.
Your warg disappears in a puff of smoke!
The centaur shoots an arrow.
The arrow hits you!
The centaur shouts!
You hear a shout!
The centaur wields a +0 shortbow.
The centaur shoots an arrow.
The arrow barely misses you.
The centaur shoots an arrow.
The arrow hits you.
The centaur wields a +0 shortbow.
The centaur shoots an arrow.
The arrow barely misses you.
The centaur shoots an arrow.
The arrow hits you!
The centaur shoots an arrow.
The arrow hits you!
* * * LOW HITPOINT WARNING * * *
You see here a scroll labelled VEXKIT WUSINKE.
O - a scroll labelled VEXKIT WUSINKE The centaur shoots an arrow.
The arrow hits you.
* * * LOW HITPOINT WARNING * * *
The centaur shoots an arrow.
The arrow misses you.
The centaur shoots an arrow.
The arrow hits you.
You die...

≈≈ ##.≈≈≈≈......# #.#.#.#
≈
#$.≈≈≈......######.#....
#...≈≈≈..#..........#....
.c..≈≈≈≈.#..........'....
...≈≈≈≈≈.#.##########....
.c.≈≈≈≈≈.#.....# #....
.c≈≈≈≈≈≈.#####.# #####
≈≈≈≈≈≈≈≈.......#
≈≈≈≈≈≈≈.@#######
≈≈≈#...## ≈.....### #####


You could see 3 centaurs.

Vanquished Creatures
  An ice beast (D:5)
  A scorpion (D:5)
  A gnoll sergeant (D:5)
  A necrophage (D:5)
  A hound (D:5)
  An iguana (D:5)
  A mummy (Ossuary)
  An adder (D:4)
  A worm (D:4)
  2 dart slugs
  2 orcs
  4 endoplasms
  A quokka (D:5)
  A ball python (D:1)
  2 bats
  3 frilled lizards
  A hobgoblin zombie (Ossuary)
  5 kobolds
  2 rats (D:2)
32 creatures vanquished.

Vanquished Creatures (collateral kills)
  Grinder (D:3)
  Eustachio (D:5)
  Duvessa (D:7)
  A water moccasin (D:7)
  A sky beast (D:6)
  An ice beast (D:5)
  A black bear (D:5)
  3 centaurs
  4 bullfrogs (D:6)
  A kobold brigand (D:6)
  Blork the orc (D:4)
  7 scorpions
  2 wights (D:7)
  Dowan (D:7)
  3 jellies
  2 iguanas (D:4)
  An orc wizard (D:5)
  7 mummies (Ossuary)
  8 gnolls
  7 adders
  A shadow imp (D:6)
  A white imp (D:6)
  An ufetubus (D:5)
  3 dart slugs
  7 orcs
  7 ball pythons
  5 endoplasms
  A giant cockroach (D:4)
  6 goblins
  8 hobgoblins
  2 jackals (D:3)
  A quokka (D:1)
  A bat (D:2)
  A frilled lizard (D:3)
  2 gnoll zombies (Ossuary)
  9 kobolds
  A kobold zombie (Ossuary)
  4 orc zombies (Ossuary)
  5 rats
120 creatures vanquished.

Vanquished Creatures (others)
  A wight (D:7)
1 creature vanquished.

Grand Total: 153 creatures vanquished

Notes
Turn   | Place    | Note
-------+----------+-------------------------------------------
     0 | D:1      | Heoruswealwe the Deep Elf Summoner began the quest for the
                  | Orb.
     0 | D:1      | Reached XP level 1. HP: 10/10 MP: 6/6
   144 | D:1      | Found Zoulor's Assorted Antiques.
   283 | D:1      | Reached XP level 2. HP: 8/15 MP: 3/8
   736 | D:1      | Reached skill level 4 in Spellcasting
   821 | D:1      | Reached skill level 5 in Summonings
   821 | D:1      | Reached XP level 3. HP: 14/19 MP: 10/10
   828 | D:1      | Learned a level 3 spell: Call Canine Familiar
   910 | D:1      | Learned a level 3 spell: Call Canine Familiar
  1029 | D:2      | Found a faded altar of an unknown god.
  1164 | D:2      | Prayed at the altar of an unknown god.
  1164 | D:2      | Became a worshipper of Uskayaw the Reveller
  1164 | D:2      | Reached * piety under Uskayaw
  1167 | D:2      | Fell from the grace of Uskayaw
  2044 | D:3      | Found an ornate altar of the Wu Jian Council.
  2105 | D:3      | Noticed Grinder
  2123 | D:3      | Paralysed by Grinder for 5 turns
  2142 | D:3      | Killed Grinder
  2143 | D:3      | Reached skill level 6 in Spellcasting
  2143 | D:3      | Reached XP level 4. HP: 7/24 MP: 2/14
  2143 | D:3      | Reached XP level 5. HP: 8/28 MP: 2/15
  3160 | D:4      | Reached XP level 6. HP: 30/32 MP: 13/17
  3229 | D:4      | Reached skill level 7 in Spellcasting
  3501 | D:4      | Noticed Blork the orc
  3512 | D:4      | Found a shimmering blue altar of Sif Muna.
  3522 | D:4      | Became a worshipper of Sif Muna the Loreminder
  3620 | D:4      | Found an opulent altar of Gozag.
  3624 | D:4      | Paralysed by the fury of Uskayaw for 5 turns
  3873 | D:4      | Reached XP level 7. HP: 36/36 MP: 20/20
  4124 | D:4      | Found a sparkling altar of Nemelex Xobeh.
  4290 | D:4      | Reached skill level 8 in Spellcasting
  4552 | D:1      | Bought an ancient morningstar for 207 gold pieces
  4552 | D:1      | Identified the +4 morningstar "Kailebel" {drain, Dex+3}
                  | (You bought it in a shop on level 1 of the Dungeon)
  4552 | D:1      | Bought a scroll of identify for 46 gold pieces
  4552 | D:1      | Bought a murky purple potion for 20 gold pieces
  4661 | D:4      | Learned a level 2 spell: Call Imp
  4769 | D:4      | Killed Blork the orc
  5017 | D:5      | Entered Level 5 of the Dungeon
  5017 | D:5      | Found a sand-covered staircase.
  5026 | Ossuary  | Entered an ossuary
  5040 | Ossuary  | Reached * piety under Sif Muna
  5269 | D:5      | Found a snail-covered altar of Cheibriados.
  5342 | D:5      | Reached skill level 9 in Spellcasting
  5348 | D:5      | Learned a level 4 spell: Summon Lightning Spire
  5383 | D:5      | Reached XP level 8. HP: 13/41 MP: 19/23
  5883 | D:5      | Noticed Eustachio
  5909 | D:5      | Killed Eustachio
  5910 | D:5      | Reached skill level 10 in Spellcasting
  6293 | D:5      | Was forgiven by Uskayaw
  6561 | D:5      | Found a glowing silver altar of Zin.
  6922 | D:5      | Learned a level 3 spell: Summon Guardian Golem
  6983 | D:6      | Reached skill level 11 in Spellcasting
  6983 | D:6      | Reached skill level 10 in Summonings
  7060 | D:6      | Found an ancient bone altar of Kikubaaqudgha.
  7060 | D:6      | Found a sacrificial altar of Ru.
  7068 | D:6      | Reached ** piety under Sif Muna
  7083 | D:6      | Reached XP level 9. HP: 45/45 MP: 26/26
  8155 | D:6      | Found a staircase to the Ecumenical Temple.
  8308 | Temple   | Entered the Ecumenical Temple
  8687 | D:7      | Reached skill level 12 in Spellcasting
  8747 | D:7      | Noticed Duvessa
  8749 | D:7      | Noticed Dowan
  8756 | D:7      | Killed Duvessa
  8764 | D:7      | Killed Dowan
  8834 | D:7      | HP: 2/45 [centaur/arrow (4)]
  8834 | D:7      | Shot with an arrow by a centaur

Illustrated notes

Levels and vault maps discovered:
D:1:      saegor_arrival_simple_b, layout_basic, serial_shops, shop_statue
D:2:      layout_loops_ring, hellmonk_ecumenical_altar_lost_god,
          grunt_ministairs_2
D:3:      layout_loops_corners, lemuel_doored_altar, uniq_grinder
D:4:      minmay_razor_zed, layout_rooms, nemelex_altar_shiori, tgw_sif,
          mainiacjoe_overflow_small_starburst, grunt_ministairs_11
D:5:      layout_loops_corners, mainiacjoe_overflow_concentric_impassable,
          mainiacjoe_overflow_paths, nicolae_ossuary_entry_ruins, uniq_eustachio
D:6:      layout_loops_ring, chequers_temple_overflow_statue_of_worship,
          minmay_temple_entry_purple_smoke
D:7:      layout_basic, old_standard_altar, nicolae_tso_besieged_by_evil,
          centaur_isle, uniq_duvessa, uniq_prince_ribbit1,
          uniq_crazy_yiuf_cottage
Temple:   dpeg_three_leaves_temple

Skill      XL: |  1  2  3  4  5  6  7  8  9 |
---------------+----------------------------+-----
Spellcasting   | 4 6 7 9 11 12 | 12.4
Summonings     | 5 6 7 8 10 11 | 11.1
Dodging        | |  2.4
Stealth        | |  2.4

Action                   |  1- 3 |  4- 6 |  7- 9 || total
-------------------------+-------+-------+-------++-------
Melee: Dagger            |    16 |       |       ||    16
       Club              |     5 |       |       ||     5
       Punch             |     1 |       |       ||     1
       Long sword        |    22 |    13 |    61 ||    96
 Cast: Summon Small Mamm |    21 |    16 |     6 ||    43
       Call Canine Famil |     8 |    11 |    36 ||    55
       Call Imp          |       |       |     4 ||     4
       Summon Guardian G |       |       |     3 ||     3
Invok: Renounce Religion |     1 |       |       ||     1
  Use: Scroll            |     5 |     3 |     9 ||    17
       Potion            |     2 |     6 |     5 ||    13
 Stab: Sleeping          |     5 |     1 |       ||     6
       Distracted        |       |       |     1 ||     1
Armor: Robe              |     6 |     5 |    24 ||    35
       Skin              |       |       |     8 ||     8
Dodge: Dodged            |    32 |     9 |    55 ||    96
